 Dungeon Crawl Stone Soup version 0.28.0-53-g5a82cb258f (console) character file.

Game seed: 6560543798417749700

892 erker the Digger (level 8, -2/46 HPs)
             Began as an Octopode Earth Elementalist on Aug 4, 2022.
             Was an Initiate of Gozag.
             Slain by a sky beast (4 damage)
             ... on level 5 of the Dungeon.
             The game lasted 00:16:19 (6115 turns).

erker the Digger (Octopode Earth Elementalist)      Turns: 6115, Time: 00:16:20

Health: -2/46      AC:  1    Str:  7    XL:     8   Next: 6%
Magic:  11/11      EV: 13    Int: 20    God:    Gozag
Gold:   323        SH:  0    Dex: 12    Spells: 3/11 levels left

rFire   . . .      SeeInvis .   b - +1 short sword (venom)
rCold   . . .      Faith    .   (no shield)
rNeg    . . .      Spirit   .   (helmet restricted)
rPois   .          Reflect  .   (no amulet)
rElec   .          Harm     .   (no ring)
rCorr   .          Rampage  .   (no ring)
Will    .....                   (no ring)
Stlth   +++.......              (no ring)
HPRegen 0.15/turn               (no ring)
MPRegen 0.12/turn               (no ring)
                                (no ring)
                                (no ring)

@: no status effects
A: almost no armour, amphibious, 8 rings, camouflage 1, gelatinous body 1,
(nimble swimmer 1), tentacles
a: Renounce Religion, Potion Petition, Call Merchant, Bribe Branch


You were on level 5 of the Dungeon.
You worshipped Gozag.
Gozag was aware of your devotion.
You visited 2 branches of the dungeon, and saw 7 of its levels.

You collected 373 gold pieces.
You paid 50 gold pieces to Gozag.

Inventory:

Hand Weapons
 a - a +0 dagger of speed
 b - a +1 short sword of venom (weapon)
 e - a +0 rapier
 w - a +0 dagger
Missiles
 l - 162 stones
 q - a throwing net
 r - 5 curare-tipped darts
 y - 7 poisoned darts (quivered)
Wands
 t - a wand of paralysis (10)
 A - a wand of flame (20)
Scrolls
 f - 7 scrolls of identify {unknown}
 g - a scroll of blinking {unknown}
 j - a scroll of immolation {unknown}
 k - a scroll of silence {unknown}
 n - a scroll of enchant weapon {unknown}
 o - 2 scrolls of amnesia {unknown}
 s - 2 scrolls of enchant armour {unknown}
 v - a scroll of vulnerability {unknown}
 x - a scroll of holy word {unknown}
 z - a scroll of teleportation {unknown}
Potions
 c - 2 potions of brilliance {unknown}
 d - a potion of lignification {unknown}
 h - 2 potions of magic
 i - 2 potions of attraction {unknown}
 m - 2 potions of curing {unknown}
 p - 2 potions of degeneration {unknown}
 u - a potion of heal wounds {unknown}


   Skills:
 - Level 2.0 Short Blades
 - Level 2.0 Dodging
 - Level 4.0 Stealth
 - Level 2.0 Spellcasting
 + Level 5.8 Transmutations
 + Level 6.6 Earth Magic


You had 3 spell levels left.
You knew the following spells:

 Your Spells              Type           Power      Damage    Failure   Level
a - Sandblast             Erth           56%        2d13      1%          1
p - Petrify               Tmut/Erth      26%        N/A       12%         4
w - Passwall              Tmut/Erth      21%        N/A       1%          2
x - Apportation           Tloc           4%         N/A       16%         1

Your spell library contained the following spells:

 Spells                   Type           Power      Damage    Failure   Level
 Stone Arrow              Conj/Erth      30%        3d8       12%         3
 Animate Skeleton         Necr           4%         N/A       16%         1
 Pain                     Necr           8%         1d4       16%         1
 Summon Small Mammal      Summ           8%         N/A       16%         1
 Corpse Rot               Necr/Air       4%         N/A       24%         2
 Poisonous Vapours        Pois/Air       4%         N/A       24%         2
 Vampiric Draining        Necr           2%         2d6       43%         3


Dungeon Overview and Level Annotations

Branches:
Dungeon (6/15)             Temple (1/1) D:4

Altars:
Ashenzari
Fedhas
Gozag
Makhleb
Okawaru
Qazlal
Ru
Sif Muna
Trog
Uskayaw
Vehumet
Yredelemnul
Zin
The Shining One

Shops:
D:4 :

Annotations:
D:2 exclusion: black bear
D:3 exclusions: redback and vampire mosquito


Innate Abilities, Weirdness & Mutations

You cannot wear most types of armour.
You are amphibious.
You can wear up to eight rings at the same time.
Your skin changes colour to match your surroundings (Stealth+).
Your rubbery body absorbs attacks. (AC +1, EV +1)
((You are camouflaged when in or above water. (Stealth+)))
You have tentacles for arms and can constrict up to eight enemies at once.


Message History

Confirm with . or Enter, or press ? or * to list all spells.
Aiming: Sandblast (safe; 1% risk of failure)
Press: ? - help, Shift-Dir - straight line, f - sky beast
Aim: a sky beast (73% to hit)
The blast of sand hits the sky beast.
The sky beast is moderately wounded.
l - 162 stones The sky beast flickers out of sight!
Deactivating autopickup; reactivate with Ctrl-A.
Something barely misses you. Something hits you. Something shocks you.
A sky beast appears from thin air!
Reactivating autopickup.
You barely miss the sky beast. You squeeze the sky beast!
The sky beast is heavily wounded.
You closely miss the sky beast.
The sky beast is heavily wounded.
The sky beast hits you. The sky beast shocks you.
You closely miss the sky beast.
The sky beast is heavily wounded.
The sky beast barely misses you.
You closely miss the sky beast.
You squeeze the sky beast, but do no damage.
The sky beast is heavily wounded.
The sky beast hits you.
* * * LOW HITPOINT WARNING * * *
The sky beast shocks you.
* * * LOW HITPOINT WARNING * * *
The sky beast flickers out of sight!
Deactivating autopickup; reactivate with Ctrl-A.
Something hits you.
* * * LOW HITPOINT WARNING * * *
Something shocks you.
* * * LOW HITPOINT WARNING * * *
A sky beast appears from thin air!
Reactivating autopickup.
It was a potion of magic.
Magic courses through your body. The sky beast hits you.
You die...
Your body crumbles into a pile of gold.

#.....#.##.# # #........#.#
#
#.....##.#.#################
#.....>.....................
######.#.#####.............#
#.#.# #.............# #.#.#
#.......#######
#.#.#####.......#
#.#.§Y@.#.......#
#####.#####.#....(..#
#.......###.#####...#######
#.###......................
#.#...#.....#####...######.
#.#.#.####### #...# #.
#.#.#.# #...# #. #.#.#.###
##### #. #.#.....# ##


You could see a sky beast.

Vanquished Creatures
  Menkaure (D:5)
  2 sky beasts (D:5)
  A black bear (D:3)
  An ogre (D:4)
  Blork the orc (D:4)
  A scorpion (D:5)
  An orc priest (D:5)
  A hound (D:5)
  An iguana (D:5)
  An orc wizard (D:5)
  A hound zombie (D:5)
  6 adders
  2 ufetubi
  An adder zombie (D:5)
  4 worms
  3 dart slugs
  4 orcs
  8 endoplasms
  A giant cockroach (D:2)
  6 goblins
  4 hobgoblins
  6 jackals
  3 kobolds
  2 quokkas
  4 ball pythons
  6 bats
  5 frilled lizards
  8 rats
85 creatures vanquished.

Vanquished Creatures (others)
  A fungus (D:3)
  2 plants (D:3)
3 creatures vanquished.

Grand Total: 88 creatures vanquished

Notes
Turn   | Place    | Note
-------+----------+-------------------------------------------
     0 | D:1      | erker the Octopode Earth Elementalist began the quest for
                  | the Orb.
     0 | D:1      | Reached XP level 1. HP: 11/11 MP: 3/3
   414 | D:1      | Reached XP level 2. HP: 9/17 MP: 3/5
   614 | D:1      | Reached skill level 1 in Short Blades
  1145 | D:2      | Reached XP level 3. HP: 21/21 MP: 6/6
  1151 | D:2      | Learned a level 2 spell: Passwall
  1703 | D:2      | Noticed a black bear
  1919 | D:2      | Reached XP level 4. HP: 27/27 MP: 5/7
  1924 | D:2      | Learned a level 4 spell: Petrify
  2338 | D:3      | Found a faded altar of an unknown god.
  2366 | D:3      | Noticed a black bear
  2401 | D:3      | Killed a black bear
  2402 | D:3      | Reached skill level 4 in Earth Magic
  2402 | D:3      | Reached XP level 5. HP: 13/31 MP: 2/8
  3202 | D:3      | Found a broken altar of Ashenzari.
  3206 | D:3      | Saw a vision of the Swamp and the Spider Nest.
  3206 | D:3      | Noticed a vampire mosquito
  3206 | D:3      | Noticed a vampire mosquito
  3206 | D:3      | Noticed a vampire mosquito
  3206 | D:3      | Noticed a vampire mosquito
  3206 | D:3      | Noticed a redback
  3206 | D:3      | Noticed a redback
  3206 | D:3      | Noticed a redback
  3206 | D:3      | Noticed a redback
  3206 | D:3      | Noticed an alligator
  3206 | D:3      | Noticed a redback
  3207 | D:3      | Noticed a wolf spider
  3207 | D:3      | Noticed a redback
  3210 | D:3      | Noticed an alligator
  3324 | D:4      | Noticed an ogre
  3379 | D:4      | Found a staircase to the Ecumenical Temple.
  3388 | Temple   | Entered the Ecumenical Temple
  3619 | Temple   | Became a worshipper of Gozag Ym Sagoz the Greedy
  3688 | D:4      | Found a radiant altar of Vehumet.
  3854 | D:4      | Killed an ogre
  3855 | D:4      | Reached XP level 6. HP: 36/36 MP: 1/9
  4028 | D:4      | Found Geimakh's Book Emporium.
  4397 | D:5      | Entered Level 5 of the Dungeon
  4397 | D:5      | Noticed Blork the orc
  4405 | D:4      | Killed Blork the orc
  4406 | D:4      | Reached skill level 5 in Earth Magic
  4927 | D:5      | Noticed a sky beast
  4950 | D:5      | Killed a sky beast
  4951 | D:5      | Reached XP level 7. HP: 41/41 MP: 4/10
  5127 | D:5      | Reached skill level 5 in Transmutations
  5191 | D:5      | Reached skill level 6 in Earth Magic
  5759 | D:5      | Learned a level 1 spell: Apportation
  5866 | D:5      | Found a shimmering blue altar of Sif Muna.
  5892 | D:5      | Noticed Menkaure
  5940 | D:5      | Killed Menkaure
  5941 | D:5      | Reached XP level 8. HP: 46/46 MP: 7/11
  6113 | D:5      | HP: 2/46 [something (5)]
  6115 | D:5      | Slain by a sky beast

Illustrated notes

Levels and vault maps discovered:
D:1:      dpeg_arrival_ratfight, layout_loops_ring
D:2:      layout_rooms
D:3:      layout_loops_ring, grunt_ashenzari_visionary
          [grunt_ashenzari_visionary_swamp, grunt_ashenzari_visionary_spider],
          dreamdust_ecumenical_altar_hidden_monk_grotto
D:4:      layout_rooms, lemuel_doored_altar, minmay_temple_entry_mist,
          serial_shops, nicolae_shop_stone, nicolae_elevator_lobby_asterisk
D:5:      layout_basic, general_overflow_altar, uniq_menkaure,
          uniq_blork_the_orc
D:6:      layout_cave_pools, mainiacjoe_overflow_tiny_flanked,
          kennysheep_little_box, uniq_edmund
Temple:   minmay_temple_curvy_loop

Skill      XL: |  1  2  3  4  5  6  7 |
---------------+----------------------+-----
Stealth        | 3 4 |  4.0
Short Blades   | 1 2 |  2.0
Transmutations | 2 3 4 5 |  5.8
Earth Magic    | 4 5 6 |  6.6
Dodging        | |  2.0
Spellcasting   | |  2.0

Action                   |  1- 3 |  4- 6 |  7- 9 || total
-------------------------+-------+-------+-------++-------
Melee: Rapier            |    12 |       |       ||    12
       Constrict         |    14 |    11 |    11 ||    36
       Unarmed           |     3 |       |       ||     3
       Short sword       |    38 |    60 |    56 ||   154
       Tentacles         |     6 |    14 |    10 ||    30
       Punch             |     2 |       |     2 ||     4
 Cast: Sandblast         |    20 |     6 |    11 ||    37
       Passwall          |     3 |     6 |     1 ||    10
       Petrify           |       |     3 |     3 ||     6
  Use: Potion            |       |       |     1 ||     1
 Stab: Sleeping          |     8 |     9 |       ||    17
       Petrified         |       |     3 |     7 ||    10
Armor: Skin              |     2 |     7 |     2 ||    11
Dodge: Dodged            |    33 |    37 |    20 ||    90
